Map: [ESL] Post-Youth

Players

Spatz

  • Race: Protoss Protoss
  • Spawn Location: 1:00

HeroMarine - Winner!

  • Race: Terran Terran
  • Spawn Location: 7:00

Event: ESL SC2 Masters 2024 Spring (Regional)

VOD

Have the link to the VOD?

Description

Time

  • Played on: April 16, 2024, 9:57 a.m.
  • Length: 9:49

All games in this series

Show
View Real Time Build Order
Export as new Build Order

Spatz Protoss 

Build Orders: Blink Stalkers 

Get SALT Encoding   

  12  0:00  Probe  
  13  0:12  Probe  
  14  0:17  Pylon  
  14  0:25  Probe (Chrono Boost)  
  15  0:37  Probe (Chrono Boost), Gateway  
  16  0:43  Probe (Chrono Boost)  
  16  0:46  Assimilator  
  17  0:52  Probe  
  17  0:55  Assimilator  
  18  1:04  Probe  
  19  1:13  Pylon  
  19  1:16  Probe  
  20  1:23  Cybernetics Core  
  20  1:28  Probe  
  23  1:41  Probe  
  24  1:53  Probe  
  23  1:57  Adept (Chrono Boost)  
  23  2:00  Warp Gate  
  25  2:01  Twilight Council  
  25  2:15  Nexus  
  25  2:19  Adept (Chrono Boost)  
  27  2:28  Probe  
  28  2:34  Blink (Chrono Boost)  
  28  2:41  Probe  
  29  2:45  Pylon  
  29  2:54  Probe  
  30  3:06  Probe  
  30  3:10  Gateway  
  30  3:11  Gateway  
  31  3:20  Probe  
  31  3:25  Robotics Facility  
  32  3:30  Probe  
  32  3:33  Probe  
  33  3:42  Shield Battery, Probe  
  33  3:45  Probe  
  34  3:57  Probe  
  34  3:58  Stalker  
  34  4:00  Probe  
  38  4:08  Stalker x2  
  42  4:11  Warp Prism (Chrono Boost)  
  43  4:19  Probe  
  43  4:20  Probe  
  43  4:21  Assimilator  
  45  4:33  Probe  
  45  4:35  Stalker x2  
  45  4:37  Stalker  
  53  4:40  Pylon  
  53  4:43  Probe  
  53  4:48  Probe  
  50  4:55  Probe  
  47  5:00  Probe  
  47  5:03  Stalker x2  
  52  5:07  Probe  
  52  5:12  Probe  
  54  5:15  Stalker  
  54  5:20  Probe  
  57  5:24  Probe  
  54  5:28  Stalker x2  
  54  5:32  Probe  
  59  5:36  Probe  
  60  5:44  Probe  
  60  5:45  Dark Shrine  
  60  5:48  Probe  
  60  5:49  Pylon  
  62  5:56  Probe  
  57  6:00  Probe  
  54  6:05  Stalker x3  
  54  6:08  Probe  
  61  6:12  Pylon  
  61  6:24  Charge (Chrono Boost)  
  63  6:32  Gateway  
  61  6:34  Gateway  
  61  6:36  Gateway  
  61  6:38  Sentry  
  57  6:58  Dark Templar x2  
  61  7:09  Probe x2  
  61  7:10  Nexus  
  59  7:21  Probe  
  58  7:23  Zealot  
  58  7:25  Probe  
  57  7:30  Zealot x3  
  57  7:33  Probe  
  57  7:34  Zealot  
  57  7:35  Zealot  
  64  7:38  Warp Prism (Chrono Boost)  
  64  7:49  Zealot  
  64  7:50  Zealot x2  
  62  8:00  Zealot  
  62  8:01  Zealot  
  62  8:02  Gateway  
  63  8:06  Probe, Gateway  
  58  8:14  Dark Templar  
  42  8:25  Dark Templar x2  
  42  8:26  Sentry  
  48  8:30  Archon  
  48  8:33  Dark Templar  
  50  8:34  Dark Templar  
  50  8:40  Sentry, Archon  
  54  8:54  Assimilator  
  54  8:55  Assimilator  
  54  8:58  Dark Templar  
  54  8:59  Zealot  
  58  9:03  Zealot x3  
  62  9:22  Zealot x4  
  64  9:30  Robotics Facility  
  64  9:35  Zealot x3  
Show
View Real Time Build Order
Export as new Build Order

HeroMarine Terran - Winner!

Build Orders: Reaper Expand 

Get SALT Encoding   

  12  0:00  SCV  
  13  0:12  SCV  
  14  0:17  Supply Depot  
  14  0:24  SCV  
  15  0:39  SCV  
  15  0:41  Barracks  
  16  0:44  Refinery  
  16  0:51  SCV  
  17  1:03  SCV  
  18  1:15  SCV  
  19  1:28  Orbital Command, Reaper  
  20  1:42  Command Center  
  20  1:49  Supply Depot  
  20  1:53  SCV  
  21  1:59  Marine  
  22  2:05  SCV  
  23  2:09  Factory  
  23  2:16  Refinery  
  23  2:17  SCV  
  23  2:21  Barracks Reactor  
  24  2:29  SCV  
  25  2:41  SCV  
  26  2:53  SCV  
  26  2:54  Hellion  
  26  2:56  Starport  
  26  2:58  Orbital Command  
  29  2:59  Marine x2  
  31  3:05  SCV  
  32  3:16  Widow Mine  
  32  3:17  Marine  
  32  3:18  SCV, Marine  
  37  3:24  Supply Depot  
  37  3:25  SCV  
  38  3:30  SCV  
  38  3:33  Medivac  
  41  3:35  Marine x2  
  41  3:37  Widow Mine  
  41  3:39  SCV  
  46  3:46  SCV  
  47  3:51  SCV  
  47  3:53  Marine x2  
  50  3:58  SCV, Supply Depot x2  
  51  4:03  SCV  
  51  4:05  Factory Tech Lab, Starport Tech Lab  
  51  4:10  SCV  
  51  4:11  Marine x2  
  51  4:16  Barracks  
  54  4:19  SCV  
  54  4:20  Supply Depot  
  54  4:22  SCV  
  54  4:25  Siege Tank, Raven  
  54  4:28  Barracks  
  59  4:31  SCV  
  59  4:33  Marine  
  59  4:35  Refinery  
  59  4:36  Marine  
  59  4:38  SCV  
  63  4:43  SCV  
  64  4:47  Engineering Bay  
  64  4:50  SCV  
  64  4:52  Marine  
  66  4:53  Marine  
  66  4:55  SCV  
  66  4:59  Siege Tank  
  71  5:03  SCV  
  70  5:07  SCV  
  70  5:10  Marine x2  
  71  5:15  Stimpack, Marine  
  71  5:19  SCV  
  71  5:20  SCV  
  74  5:22  Marine  
  74  5:28  Marine x2  
  77  5:32  SCV, Terran Infantry Weapons Level 1  
  78  5:36  SCV, Marine  
  78  5:37  Siege Tank, Supply Depot, Refinery  
  78  5:42  Supply Depot  
  78  5:45  Marine  
  78  5:46  Barracks Tech Lab  
  78  5:47  Starport Reactor  
  78  5:50  Supply Depot  
  78  5:51  Marine  
  78  5:54  Marine  
  76  6:03  Marine  
  75  6:05  Command Center  
  75  6:06  Combat Shield, Marine  
  75  6:09  Marine  
  77  6:15  Siege Tank  
  77  6:17  SCV x2  
  81  6:19  Marine  
  81  6:21  Marine  
  81  6:24  Marine  
  84  6:28  Bunker  
  84  6:31  Barracks  
  84  6:32  Barracks  
  84  6:34  SCV x2  
  84  6:35  Missile Turret  
  84  6:37  Medivac  
  88  6:42  Medivac  
  91  6:47  Marine x2  
  91  6:48  Marine x2  
  91  6:50  Missile Turret  
  91  6:52  Siege Tank  
  96  6:57  SCV x2  
  98  7:05  Marine x3  
  98  7:06  Marine  
  101  7:12  SCV x2  
  99  7:20  Marine x2  
  99  7:21  Medivac x2  
  100  7:23  Marine x4  
  100  7:27  SCV x2, Terran Infantry Armor Level 1  
  95  7:33  Missile Turret  
  92  7:37  Marine x2, Missile Turret  
  92  7:40  SCV  
  92  7:41  Marine  
  92  7:43  Orbital Command  
  94  7:46  SCV  
  95  7:52  SCV  
  95  7:54  Siege Tank  
  95  7:58  SCV  
  100  8:03  Marine x2  
  100  8:04  SCV, Marine x3  
  106  8:06  Marine  
  106  8:10  SCV  
  104  8:13  Orbital Command  
  92  8:23  SCV x2  
  92  8:25  Marine x2  
  98  8:35  Concussive Shells, Marauder x2  
  98  8:37  Barracks Reactor, Missile Turret  
  98  8:40  SCV  
  98  8:41  SCV  
  102  8:43  Factory Reactor  
  102  8:47  SCV  
  103  8:51  Medivac x2  
  103  8:53  SCV x2  
  109  8:59  Refinery x2, Ghost Academy  
  109  9:02  Supply Depot, Marauder x2  
  113  9:03  SCV  
  113  9:05  SCV  
  113  9:07  SCV  
  113  9:09  Marine x2  
  114  9:16  SCV  
  115  9:17  SCV  
  115  9:22  SCV  
  119  9:33  Armory  
  119  9:34  Engineering Bay  
  119  9:40  Sensor Tower  
Tags
 
Add a new tag
Caveats
  • Supply blocks, unpowered buildings, or Contaminate may cause inaccurate times.
  • Supply counts are checked every 10 seconds.